Description

Eco Build mit start auf Air

Build Order

Get SALT Encoding   

  8  0:00  Probe  
  10  0:11  Probe  
  11  0:22  Probe  
  12  0:34  Pylon  
  12  0:35  Probe  
  12  0:54  Gateway  
  13  0:46  Probe  
  14  0:56  Probe  
  15  1:07  Probe  
  16  1:32  Probe  Pull Worker
  17  1:41  Cybernetics Core  
  17  1:45  Zealot  
  19  2:00  Nexus  
  19  2:04  Assimilator  
  20  2:07  Probe  
  20  2:14  Pylon  
  20  2:19  Probe  
  20  2:22  Gateway  
  20  2:25  Action  Gas Abbau
  20  2:26  Assimilator  
  21  2:32  Probe  
  22  2:42  Probe  
  22  2:45  Adept  
  23  2:48  Action  Gas Abbau
  25  2:50  Pylon  2. Front
  26  3:25  Stargate  
  27  3:30  Adept x2  
  27  3:40  Action  Rellaypoint auf Natural
  35  3:45  Shield Battery  
  35  3:50  Warp Gate  
  36  3:57  Oracle  
  36  4:03  Stalker x2  
  36  4:05  Pylon x2  
  35  4:50  Zealot x2  
  36  4:57  Twilight Council, Gateway  
  36  4:55  Charge  
  44  4:40  Pylon  
  45  4:48  Dark Shrine  
  48  4:57  Pylon  
  50  5:05  Pylon, Assimilator  
  52  5:17  Gateway  
  60  5:41  Templar Archives  
  60  5:46  Forge  
  62  6:01  Zealot x3  
  62  6:06  Gateway  
  70  6:15  Immortal  
  70  6:20  Protoss Ground Weapons Level 1 (Chrono Boost)  
  74  6:25  Zealot x2  
  68  6:45  Nexus  
Spawning Tool Build Advisor. Get it on Overwolf

Go to:

Details

  • Created by: el_gran_salamanca
  • Published on: Aug 26, 2026
  • Modified on: Sep 25, 2026
  • Patch: 5.0.16
  • Difficulty: Medium
Show
View Real Time Build Order
Export as new Build Order

Comments (0)

There are no comments. Be the first!

Create an account to comment!